 Dungeon Sprint DCSS version 0.16.1-51-g6203257 (webtiles) character file.

464 poirepourri the Fighter (level 6, -3/69 HPs)
             Began as a Deep Dwarf Fighter on Aug 5, 2015.
             Was a Believer of Trog.
             Slain by a hill giant
             ... wielding a +0 giant club
              (31 damage)
             ... in the Dungeon (Sprint IX: "|||||||||||||||||||||||||||||").
             The game lasted 00:01:38 (253 turns).

poirepourri the Fighter (Deep Dwarf Fighter)         Turns: 253, Time: 00:01:38

Health: -3/69      AC: 14    Str: 30    XL:     6   Next: 80%
Magic:  8/8        EV:  8    Int:  8    God:    Trog [**....]
Gold:   0          SH: 12    Dex: 15    Spells: 0 memorised, 5 levels left

rFire  . . .     SeeInvis .     a - +0 war axe
rCold  . . .     Clarity  .     r - +1 chain mail
rNeg   . . .     SustAb   .     c - +0 shield
rPois  .         Gourm    .     (no helmet)
rElec  .         Spirit   .     t - +0 cloak
rCorr  .         Warding  .     s - +0 pair of gloves
rMut   .         NoTele   +     (no boots)
MR     ++...                    (no amulet)
Stlth  ..........               p - +3 ring of dexterity
                                q - +3 ring of strength

@: mighty, non-regenerating, very resistant to hostile enchantments, extremely
unstealthy
A: damage resistance, recharge devices, sense surroundings 1, slow healing 3
a: Device Recharging, Burn Spellbooks, Berserk, Trog's Hand, Renounce Religion


You were in the Dungeon.
You worshipped Trog.
Trog was pleased with you.
You were not hungry.

You visited 1 branch

Inventory:

Hand weapons
 a - a +0 war axe (weapon)
 u - a +3 war axe of chopping
Armour
 b - a +0 scale mail
 c - a +0 shield (worn)
 r - a +1 chain mail (worn)
 s - a +0 pair of gloves (worn)
 t - a +0 cloak (worn)
Jewellery
 p - a +3 ring of dexterity (right hand)
 q - a +3 ring of strength (left hand)
Magical devices
 d - a wand of heal wounds (3)
 o - a wand of cold (5)
Scrolls
 l - 2 scrolls of blinking
 n - 3 scrolls of remove curse
Potions
 g - 3 potions of curing
 i - a potion of haste
 j - 4 potions of magic
 k - a potion of berserk rage
 m - a potion of invisibility
Comestibles
 f - a bread ration


   Skills:
 * Level 9.2 Fighting
 + Level 5.5 Axes
 + Level 7.9 Armour
 + Level 2.1 Dodging
 + Level 8.4 Shields
 + Level 2.2 Evocations


You had 5 spell levels left.
You didn't know any spells.

Dungeon Overview and Level Annotations

Branches:
Dungeon (1/1)

Altars:
Cheibriados
Dithmenos
Elyvilon
Fedhas
Gozag
Kikubaaqudgha
Makhleb
Nemelex Xobeh
Okawaru
Qazlal
Ru
Sif Muna
Trog
Vehumet
Xom
Yredelemnul
Zin
The Shining One
Beogh
Jiyva
Lugonu


Innate Abilities, Weirdness & Mutations

You are resistant to damage.
You can recharge devices by infusing magical energy.
You passively map a small area around you.
You do not heal naturally.


Message History

You feel much better.
The hill giant hits you but does no damage.
Drink which item? (? for menu, Esc to quit)
You feel better. The hill giant closely misses you.
You barely miss the hill giant.
The hill giant is moderately wounded.
The hill giant hits you with a giant club!
Use which ability? (? or * to list)
You can't do that.
Drink which item? (? for menu, Esc to quit)
You feel very mighty all of a sudden.
The hill giant hits you with a giant club!
You slash the hill giant!
The hill giant is heavily wounded.
You feel the effects of Trog's Hand fading.
You block the hill giant's attack.
You slash the hill giant!
The hill giant is severely wounded.
The hill giant hits you with a giant club!!
You die...

,, , * * * * , , * * * * +
, , * * * ** ** * , , ,,,
,, ,,,,, *
▓▓▓▓▓▓▓▓▓▓▓▓▓▓▓▓▓▓▓▓▓▓▓▓▓
,
+....FCC@..).)).....)|?.'
*
*▓▓▓▓▓▓▓▓▓▓▓▓▓▓▓▓▓▓▓▓▓▓▓▓▓


You could see 2 hill giants and a giant frog.

Vanquished Creatures
  A yak (D)
  An orc warrior (D)
  A sky beast (D)
  A centaur (D)
  A hound (D)
  A worker ant (D)
  2 orcs (D)
  A bat skeleton (D)
  A bat zombie (D)
  A quokka (D)
  3 bats (D)
  2 kobolds (D)
  3 rats (D)
19 creatures vanquished.

Vanquished Creatures (others)
  A spatial maelstrom (D)
1 creature vanquished.

Grand Total: 20 creatures vanquished

Notes
Turn   | Place    | Note
--------------------------------------------------------------
     0 | D        | poirepourri, the Deep Dwarf Fighter, began the quest for the Orb.
     0 | D        | Reached XP level 1. HP: 20/20 MP: 1/1
     9 | D        | Banished a spatial maelstrom
    20 | D        | Noticed a hound
    31 | D        | Killed a hound
    31 | D        | Reached skill level 4 in Fighting
    31 | D        | Reached XP level 2. HP: 23/31 MP: 2/2
    31 | D        | Reached XP level 3. HP: 27/37 MP: 3/3
    46 | D        | Found a glowing silver altar of Zin.
    46 | D        | Found a glowing golden altar of the Shining One.
    46 | D        | Found an ancient bone altar of Kikubaaqudgha.
    46 | D        | Found a basalt altar of Yredelemnul.
    46 | D        | Found a shimmering altar of Xom.
    46 | D        | Found a radiant altar of Vehumet.
    46 | D        | Found an iron altar of Okawaru.
    47 | D        | Found a burning altar of Makhleb.
    48 | D        | Found a deep blue altar of Sif Muna.
    49 | D        | Found a bloodstained altar of Trog.
    50 | D        | Found a sparkling altar of Nemelex Xobeh.
    51 | D        | Found a white marble altar of Elyvilon.
    52 | D        | Found a roughly hewn altar of Beogh.
    53 | D        | Found a viscous altar of Jiyva.
    54 | D        | Found a corrupted altar of Lugonu.
    55 | D        | Found a blossoming altar of Fedhas.
    56 | D        | Found a snail-covered altar of Cheibriados.
    57 | D        | Found a shadowy altar of Dithmenos.
    58 | D        | Became a worshipper of Trog the Wrathful
   103 | D        | Found a stormy altar of Qazlal.
   104 | D        | Found an opulent altar of Gozag.
   105 | D        | Found a sacrificial altar of Ru.
   130 | D        | Noticed a worker ant
   130 | D        | Noticed an orc warrior
   130 | D        | Noticed a sky beast
   130 | D        | Noticed a centaur
   140 | D        | Killed a centaur
   140 | D        | Reached skill level 6 in Fighting
   140 | D        | Reached skill level 5 in Armour
   140 | D        | Reached XP level 4. HP: 21/48 MP: 4/4
   153 | D        | Killed a sky beast
   153 | D        | Acquired Trog's first power
   153 | D        | Reached skill level 7 in Fighting
   153 | D        | Reached skill level 1 in Dodging
   153 | D        | Reached XP level 5. HP: 5/57 MP: 5/5
   166 | D        | Killed an orc warrior
   166 | D        | Reached skill level 8 in Fighting
   166 | D        | Reached skill level 1 in Evocations
   166 | D        | Reached XP level 6. HP: 25/67 MP: 5/7
   169 | D        | Killed a worker ant
   169 | D        | Acquired Trog's second power
   169 | D        | Reached skill level 5 in Axes
   226 | D        | Noticed a giant frog
   226 | D        | Noticed a hill giant
   226 | D        | Noticed a hill giant
   226 | D        | Noticed a yak
   236 | D        | Killed a yak
   236 | D        | Reached skill level 9 in Fighting
   253 | D        | Slain by a hill giant

Action                   |  1- 3 |  4- 6 || total
-------------------------+-------+-------++-------
Melee: War axe           |    34 |    47 ||    81
Invok: Trog's Hand       |       |     1 ||     1
Evoke: Wand              |       |     4 ||     4
  Use: Potion            |       |     6 ||     6
